 Dungeon Crawl Stone Soup version 0.27-a0-1200-g94dc6ad4cf (webtiles) character file.

Game seed: 5545203678388144854

148 lightspider the Skirmisher (level 5, -1/47 HPs)
             Began as a Hill Orc Fighter on June 1, 2021.
             Slain by an ogre
             ... wielding a +0 giant club
              (23 damage)
             ... on level 4 of the Dungeon.
             The game lasted 00:08:36 (2721 turns).

lightspider the Skirmisher (Hill Orc Fighter)       Turns: 2721, Time: 00:08:36

Health: -1/47      AC: 11    Str: 20    XL:     5   Next: 30%
Magic:  5/5        EV:  4    Int:  8    God:
Gold:   198        SH: 10    Dex: 10    Spells: 4/4 levels left

rFire    . . .     SeeInvis .   a - +0 long sword
rCold    . . .     Faith    .   c - +1 kite shield
rNeg     . . .     Spirit   .   k - +0 plate armour
rPois    .         Reflect  .   (no helmet)
rElec    .         Harm     .   (no cloak)
rCorr    .         Rampage  .   (no gloves)
Will     .....                  (no boots)
Stlth    ..........             (no amulet)
HPRegen  0.15/turn              (no ring)
MPRegen  0.09/turn              (no ring)

@: mighty
A: no striking features
a: no special abilities


You were on level 4 of the Dungeon.
You visited 1 branch of the dungeon, and saw 4 of its levels.

You collected 198 gold pieces.

Inventory:

Hand Weapons
 a - a +0 long sword (weapon)
 e - a +1 dagger of holy wrath
Missiles
 f - 26 bolts
 j - 18 poisoned darts (quivered)
Armour
 b - a +0 scale mail
 c - a +1 kite shield (worn)
 k - a +0 plate armour (worn)
Scrolls
 l - 2 scrolls of identify
 n - a scroll of vulnerability {unknown}
Potions
 g - 2 potions of flight
 h - a potion of attraction
 i - 2 potions of mutation {unknown}
 m - a potion of brilliance {unknown}


   Skills:
 + Level 4.7 Fighting
 + Level 3.3 Long Blades
 + Level 4.3 Armour
 + Level 4.2 Shields


You had 4 spell levels left.
You didn't know any spells.
Your spell library was empty.

Dungeon Overview and Level Annotations

Branches:
Dungeon (4/15)
 Temple: D:4-7

Altars:

Shops:
D:1 :


Message History

No target in view!
You see here a ball python corpse.
n - a scroll labelled ICKIEKO IMAPH An ogre comes into view.
It is wielding a +0 giant club.
An ogre is nearby!
Press: ? - help, v - describe, . - travel
Here: an ogre, wielding a +0 giant club The floor.
An ogre is nearby!
Throw: 22 darts (poison)
Press: ? - help, Q - select action Shift-Dir - straight line, f/p - ogre
Aim: an ogre, wielding a +0 giant club (73% to hit)
You throw a poisoned dart. The poisoned dart hits the ogre.
Throw: 21 darts (poison)
Press: ? - help, Q - select action Shift-Dir - straight line, f/p - ogre
Aim: an ogre, wielding a +0 giant club (72% to hit)
You throw a poisoned dart. The poisoned dart hits the ogre.
The ogre is poisoned.
Throw: 20 darts (poison)
Press: ? - help, Q - select action Shift-Dir - straight line, f/p - ogre
Aim: an ogre, wielding a +0 giant club (poisoned, 72% to hit)
You throw a poisoned dart.
The poisoned dart barely misses the ogre.
Throw: 19 darts (poison)
Press: ? - help, Q - select action Shift-Dir - straight line, f/p - ogre
Aim: an ogre, wielding a +0 giant club (poisoned, 73% to hit)
You throw a poisoned dart. The poisoned dart hits the ogre.
You hit the ogre.
The ogre is moderately wounded.
The ogre hits you with a +0 giant club. The ogre hits you with a +0 giant club!
You hit the ogre.
The ogre is moderately wounded.
The ogre hits you with a +0 giant club!
You feel very mighty all of a sudden.
The ogre looks more healthy.
You hit the ogre.
The ogre is heavily wounded.
The ogre hits you with a +0 giant club.
The ogre hits you with a +0 giant club!!
You die...

####################
.........[..........#
...............####.#
...............#
##........†....#
...............#
..............<#
..........######
(..(.(O@..#
..........#
..........#
#.........#
#.........#
#..........
#...........
#............


You could see an ogre.

Vanquished Creatures
  Natasha (D:3)
  Robin (D:3)
  3 adders (D:2)
  4 dart slugs
  An orc (D:3)
  7 ball pythons
  2 endoplasms
  5 giant cockroaches
  12 goblins
  9 hobgoblins
  7 jackals (D:1)
  8 bats
  2 frilled lizards (D:1)
  2 kobolds (D:1)
  6 rats
70 creatures vanquished.

Notes
Turn   | Place    | Note
-------+----------+-------------------------------------------
     0 | D:1      | lightspider the Hill Orc Fighter began the quest for the
                  | Orb.
     0 | D:1      | Reached XP level 1. HP: 19/19 MP: 1/1
    54 | D:1      | Found Timynk's Book Shop.
    76 | D:1      | Reached XP level 2. HP: 18/27 MP: 2/2
   366 | D:1      | Reached XP level 3. HP: 33/33 MP: 3/3
  1155 | D:2      | Found a faded altar of an unknown god.
  1168 | D:2      | Reached XP level 4. HP: 33/41 MP: 4/4
  1702 | D:3      | Noticed Robin
  1746 | D:3      | Killed Robin
  2075 | D:3      | Reached XP level 5. HP: 47/47 MP: 5/5
  2361 | D:3      | Noticed Natasha
  2385 | D:3      | Killed Natasha
  2713 | D:4      | Noticed an ogre
  2721 | D:4      | Slain by an ogre

Illustrated notes

Levels and vault maps discovered:
D:1:      psy_arrival_fountain, layout_loops_cross, serial_shops, shop
D:2:      layout_rooms, ebering_ecumenical_altar_webs, grunt_decor_junction,
          hangedman_decor_peaks_small, minmay_tetromino_l2
D:3:      layout_basic, uniq_robin, uniq_natasha
D:4:      layout_gridville, lemuel_tele_altar, serial_co_window_serial,
          co_window_paths_b, co_window_corner_a, co_window_corner_a,
          co_window_paths_a, co_window_of_opportunity_a, co_window_corner_b,
          co_window_broadway_a, co_window_cross_2, co_window_paths_c,
          co_window_of_opportunity_c, co_window_paths_e, co_window_4corner_a,
          gammafunk_ghost_nasty_kobolds, minmay_joined_circles, uniq_ijyb

Skill      XL: |  1  2  3  4 |
---------------+-------------+-----
Fighting       | 4 |  4.7
Armour         | 4 |  4.3
Shields        | 4 |  4.2
Long Blades    | 3 |  3.3

Action                   |  1- 3 |  4- 6 || total
-------------------------+-------+-------++-------
Melee: Long sword        |   122 |   111 ||   233
Throw: Dart              |       |    13 ||    13
  Use: Scroll            |     3 |     1 ||     4
       Potion            |       |     2 ||     2
Armor: Scale mail        |    56 |    34 ||    90
       Plate armour      |       |    39 ||    39
Dodge: Dodged            |    45 |    33 ||    78
Block: Kite shield       |    67 |    76 ||   143
       Rpst.: Long sword |    12 |     8 ||    20

Table legend: (Time is in decaauts)
 A = Elapsed time spent in this place.
 B = Non-inter-level travel time spent in this place.
 C = Inter-level travel time spent in this place.
 D = Time resting spent in this place.
 E = Time spent auto-exploring this place.
 F = Levels seen in this place.
 G = Mean time per level.
                   A        B        C        D        E       F      G
               +--------+--------+--------+--------+--------+-----+--------+
         Total |   2838 |   2720 |    118 |    398 |   1610 |   4 |  709.5 |
       Dungeon |   2838 |   2720 |    118 |    398 |   1610 |   4 |  709.5 |
               +--------+--------+--------+--------+--------+-----+--------+

Top non-repeatable levels by time:
     D:3: 1065 daAuts
     D:1: 916 daAuts
     D:2: 829 daAuts
     D:4: 27 daAuts
